MAA
YAKIMA HOPS @ VIRGINIA BEACH DEUCES
09/22/2019
 
TOP OF THE 1ST
Yakima Hops batting - Pitching for Virginia Beach Deuces : RHP Carlos Pérez
Pitching: RHP Carlos Pérez
Batting: RHB Jim Allen 0-0: Called Strike
0-1: Ball
1-1: Foul Ball, location: 2F
1-2: Strikes out swinging
Batting: LHB Randy Daugherty 0-0: Called Strike
0-1: Foul Ball, location: 2F
0-2: Ball
1-2: Ball
2-2: Strikes out swinging
Batting: RHB Marshall Attwood 0-0: Called Strike
0-1: Called Strike
0-2: Ball
1-2: Strikes out swinging
Top of the 1st over - 0 run(s), 0 hit(s), 0 error(s), 0 left on base; Yakima 0 - Virginia Beach 0
BOTTOM OF THE 1ST
Virginia Beach Deuces batting - Pitching for Yakima Hops : LHP Cisco Flores
Pitching: LHP Cisco Flores
Batting: RHB Joel Frazier 0-0: Called Strike
0-1: Called Strike
0-2: Ball
1-2: Foul Ball, location: 2F
1-2: Hit by Pitch
Batting: RHB Scott Miller 0-0: Fly out, F6 (Popup, 6MD)
Batting: RHB Javier Santos 0-0: Ball
1-0: Swinging Strike
1-1: Ball
2-1: Ball
3-1: Foul Ball, location: 2F
3-2: Reached on error, E5 (Groundball, 5L)
Joel Frazier to second
Batting: LHB Álex Burgos 0-0: Called Strike
0-1: SINGLE (Line Drive, 34D)
Joel Frazier to third
Javier Santos to second
Runner from 3rd tries for Home, SAFE, no throw or cutoff
Batting: RHB Lorenzo Ramírez 0-0: Ball
1-0: Grounds into double play, U4-3 (Groundball, 4)
Bottom of the 1st over - 1 run(s), 1 hit(s), 1 error(s), 1 left on base; Yakima 0 - Virginia Beach 1
TOP OF THE 2ND
Yakima Hops batting - Pitching for Virginia Beach Deuces : RHP Carlos Pérez
Batting: LHB David Hunt 0-0: Called Strike
0-1: Swinging Strike
0-2: Strikes out swinging
Batting: LHB Jesús Quintanilla 0-0: Swinging Strike
0-1: Ball
1-1: Ball
2-1: Foul Ball, location: 2F
2-2: Strikes out looking
Batting: RHB Rafael Najcrea 0-0: Ball
1-0: Ball
2-0: Foul Ball, location: 2F
2-1: Called Strike
2-2: Fly out, F9 (Flyball, 9S)
Top of the 2nd over - 0 run(s), 0 hit(s), 0 error(s), 0 left on base; Yakima 0 - Virginia Beach 1
BOTTOM OF THE 2ND
Virginia Beach Deuces batting - Pitching for Yakima Hops : LHP Dusty Mueller
Pitching: LHP Dusty Mueller
Batting: RHB Álex Escobar 0-0: SINGLE (Line Drive, 8RS)
Batting: RHB Carl Carlson 0-0: Foul Ball, location: 2F
0-1: Ball
1-1: Ball
2-1: Swinging Strike
2-2: Strikes out swinging
Batting: RHB Marcox Fiadeiro 0-0: SINGLE (Groundball, 34D)
Álex Escobar to second
Runner from 2nd tries for 3rd, SAFE, throw made to third
Now in RF: Craig Barnes
Batting: RHB Derrek Church 0-0: SINGLE (Groundball, 13) (infield hit)
Álex Escobar scores
Marcox Fiadeiro to second
Batting: RHB Joel Frazier 0-0: Called Strike
0-1: Ball
1-1: Fly out, F6 (Popup, 6M)
Batting: RHB Scott Miller 0-0: Called Strike
0-1: Called Strike
0-2: Foul Ball, location: 2F
0-2: Ball
1-2: Ball
2-2: Foul Ball, location: 2F
2-2: Reached on error, E5 (Groundball, 56)
Marcox Fiadeiro to third
Derrek Church to second
Batting: RHB Javier Santos 0-0: Ball
1-0: Swinging Strike
1-1: Ball
2-1: Called Strike
2-2: Fly out, F5 (Line Drive, 5)
Bottom of the 2nd over - 1 run(s), 3 hit(s), 1 error(s), 3 left on base; Yakima 0 - Virginia Beach 2
TOP OF THE 3RD
Yakima Hops batting - Pitching for Virginia Beach Deuces : RHP Carlos Pérez
Batting: RHB Michael Martin 0-0: Swinging Strike
0-1: Ball
1-1: Ball
2-1: Foul Ball, location: 2F
2-2: Strikes out swinging
Batting: RHB Sergio García 0-0: Ball
1-0: Called Strike
1-1: Ball
2-1: Swinging Strike
2-2: Strikes out looking
Batting: RHB Michael Hart 0-0: Called Strike
0-1: Swinging Strike
0-2: Ball
1-2: Strikes out swinging
Top of the 3rd over - 0 run(s), 0 hit(s), 0 error(s), 0 left on base; Yakima 0 - Virginia Beach 2
BOTTOM OF THE 3RD
Virginia Beach Deuces batting - Pitching for Yakima Hops : LHP Dusty Mueller
Batting: LHB Álex Burgos 0-0: Ground out 3-1 (Groundball, 3)
Batting: RHB Lorenzo Ramírez 0-0: Fly out, F8 (Flyball, 8LM)
Batting: RHB Álex Escobar 0-0: Swinging Strike
0-1: Foul Ball, location: 2F
0-2: Fly out, F7 (Flyball, 5D)
Bottom of the 3rd over - 0 run(s), 0 hit(s), 0 error(s), 0 left on base; Yakima 0 - Virginia Beach 2
TOP OF THE 4TH
Yakima Hops batting - Pitching for Virginia Beach Deuces : RHP Carlos Pérez
Batting: RHB Jim Allen 0-0: Ball
1-0: Ball
2-0: Ball
3-0: Called Strike
3-1: Fly out, F9 (Flyball, 9M)
Batting: LHB Randy Daugherty 0-0: Called Strike
0-1: Ball
1-1: Foul Ball, location: 2F
1-2: Ball
2-2: Foul Ball, location: 2F
2-2: Ball
3-2: Foul Ball, location: 2F
3-2: Foul Ball, location: 2F
3-2: Foul Ball, location: 2F
3-2: Foul Ball, location: 2F
3-2: Foul Ball, location: 2F
3-2: Base on Balls
Batting: RHB Marshall Attwood 0-0: Swinging Strike
0-1: Ball
1-1: Called Strike
1-2: Foul Ball, location: 2F
1-2: Ball
2-2: Foul Ball, location: 2F
2-2: Ball
3-2: Strikes out swinging
Batting: SHB Craig Barnes 0-0: Called Strike
0-1: Ball
1-1: Ball
2-1: Called Strike
2-2: Ball
3-2: Strikes out swinging
Top of the 4th over - 0 run(s), 0 hit(s), 0 error(s), 1 left on base; Yakima 0 - Virginia Beach 2
BOTTOM OF THE 4TH
Virginia Beach Deuces batting - Pitching for Yakima Hops : LHP Dusty Mueller
Batting: RHB Carl Carlson 0-0: Foul Ball, location: 2F
0-1: Ball
1-1: Foul Ball, location: 2F
1-2: Strikes out swinging
Batting: RHB Marcox Fiadeiro 0-0: Foul Ball, location: 2F
0-1: SINGLE (Line Drive, 7LS)
Batting: RHB Derrek Church 0-0: Ball
Marcox Fiadeiro steals 2nd base
1-0: Swinging Strike
1-1: Called Strike
1-2: Strikes out swinging
Batting: RHB Joel Frazier 0-0: SINGLE (Groundball, 34D)
Marcox Fiadeiro to third
Runner from 3rd tries for Home, SAFE, no throw or cutoff
Batting: RHB Scott Miller 0-0: Ball
1-0: Ball
2-0: Ball
3-0: Called Strike
3-1: Base on Balls
Joel Frazier to second
Batting: RHB Javier Santos 0-0: Ball
1-0: DOUBLE (Groundball, 5L)
Joel Frazier scores
Scott Miller to third
Runner from 3rd tries for Home, SAFE, no throw or cutoff
Pitching: RHP Sean Sanford
Batting: LHB Álex Burgos 0-0: Ground out 4-3 (Groundball, 4)
Bottom of the 4th over - 3 run(s), 3 hit(s), 0 error(s), 1 left on base; Yakima 0 - Virginia Beach 5
TOP OF THE 5TH
Yakima Hops batting - Pitching for Virginia Beach Deuces : RHP Carlos Pérez
Batting: LHB Jesús Quintanilla 0-0: Ball
1-0: Swinging Strike
1-1: Called Strike
1-2: Ball
2-2: Ball
3-2: Base on Balls
Batting: RHB Rafael Najcrea 0-0: Fielders Choice at 2nd, 5-4 (Groundball, 56)
Batting: RHB Michael Martin 0-0: Ball
1-0: Ball
2-0: Foul Ball, location: 2F
2-1: Ball
3-1: Base on Balls
Rafael Najcrea to second
Batting: RHB Sergio García 0-0: Ball
1-0: Reached on error, E6 (Groundball, 6)
Rafael Najcrea to third
Michael Martin to second
Batting: RHB Michael Hart 0-0: Ball
1-0: Ball
2-0: Fly out, F9 (Flyball, 9S)
Batting: RHB Jim Allen 0-0: Called Strike
0-1: Ground out 1-3 (Groundball, 13)
Top of the 5th over - 0 run(s), 0 hit(s), 1 error(s), 3 left on base; Yakima 0 - Virginia Beach 5
BOTTOM OF THE 5TH
Virginia Beach Deuces batting - Pitching for Yakima Hops : RHP Sean Sanford
Batting: RHB Lorenzo Ramírez 0-0: Ground out 5-3 (Groundball, 56)
Batting: RHB Álex Escobar 0-0: Called Strike
0-1: Foul Ball, location: 2F
0-2: Ball
1-2: Ball
2-2: Ball
3-2: Strikes out looking
Batting: RHB Carl Carlson 0-0: Ground out 6-3 (Groundball, 6)
Bottom of the 5th over - 0 run(s), 0 hit(s), 0 error(s), 0 left on base; Yakima 0 - Virginia Beach 5
TOP OF THE 6TH
Yakima Hops batting - Pitching for Virginia Beach Deuces : RHP Carlos Pérez
Batting: LHB Randy Daugherty 0-0: Foul Ball, location: 2F
0-1: Ball
1-1: DOUBLE (Line Drive, 78S)
Batting: RHB Marshall Attwood 0-0: Called Strike
0-1: Ball
1-1: SINGLE (Line Drive, 8LS)
Randy Daugherty to third
Batting: SHB Craig Barnes 0-0: Ball
1-0: Swinging Strike
1-1: Foul Ball, location: 2F
1-2: Strikes out swinging
Batting: LHB Jesús Quintanilla 0-0: Ball
1-0: Fielders Choice at 2nd, 4-6 (Groundball, 4)
Randy Daugherty scores
Batting: RHB Rafael Najcrea 0-0: Ball
1-0: Fly out, F9 (Flyball, 89S)
Top of the 6th over - 1 run(s), 2 hit(s), 0 error(s), 1 left on base; Yakima 1 - Virginia Beach 5
BOTTOM OF THE 6TH
Virginia Beach Deuces batting - Pitching for Yakima Hops : RHP Sean Sanford
Batting: RHB Marcox Fiadeiro 0-0: Ball
1-0: Ball
2-0: Called Strike
2-1: Swinging Strike
2-2: Foul Ball, location: 2F
2-2: Strikes out swinging
Batting: RHB Derrek Church 0-0: Ball
1-0: SINGLE (Line Drive, 6D)
Batting: RHB Joel Frazier Pickoff Throw to First - Out!
0-0: Ball
1-0: Foul Ball, location: 2F
1-1: Called Strike
1-2: Ball
2-2: SINGLE (Flyball, 8RS)
Batting: RHB Scott Miller 0-0: Called Strike
0-1: Ball
1-1: Ball
2-1: Ball
3-1: Ground out 4-3 (Groundball, 4)
Bottom of the 6th over - 0 run(s), 2 hit(s), 0 error(s), 1 left on base; Yakima 1 - Virginia Beach 5
TOP OF THE 7TH
Yakima Hops batting - Pitching for Virginia Beach Deuces : RHP Carlos Pérez
Batting: RHB Michael Martin 0-0: Called Strike
0-1: Ball
1-1: Swinging Strike
1-2: Strikes out swinging
Batting: RHB Sergio García 0-0: Ball
1-0: SOLO HOME RUN (Flyball, 8LXD), Distance : 444 ft
Pitching: RHP Carlos Ortíz
Batting: RHB Michael Hart 0-0: Fly out, F8 (Flyball, 8RM)
Batting: RHB Jim Allen 0-0: DOUBLE (Groundball, 5L)
Batting: LHB Randy Daugherty 0-0: Ball
1-0: Ball
2-0: Ball
3-0: Called Strike
3-1: Foul Ball, location: 2F
3-2: Base on Balls
Batting: RHB Marshall Attwood 0-0: Fly out, F9 (Flyball, 89M)
Top of the 7th over - 1 run(s), 2 hit(s), 0 error(s), 2 left on base; Yakima 2 - Virginia Beach 5
BOTTOM OF THE 7TH
Virginia Beach Deuces batting - Pitching for Yakima Hops : RHP Sean Sanford
Pitching: RHP Marcos Martínez
Batting: RHB Javier Santos 0-0: Foul Ball, location: 2F
0-1: Ball
1-1: Ball
2-1: Foul Ball, location: 2F
2-2: Foul Ball, location: 2F
2-2: Ball
3-2: SINGLE (Line Drive, 7S)
Batting: LHB Álex Burgos 0-0: Called Strike
0-1: Ball
1-1: Ball
Wild Pitch!
Javier Santos to second
2-1: Intentional Walk
Batting: RHB Lorenzo Ramírez 0-0: Ball
1-0: Called Strike
1-1: Ball
2-1: Foul Ball, location: 2F
2-2: Foul Ball, location: 2F
2-2: SINGLE (Groundball, 56D)
Javier Santos to third
Álex Burgos to second
Runner from 3rd tries for Home, SAFE, no throw or cutoff
Batting: RHB Álex Escobar 0-0: SINGLE (Groundball, 4MD)
Álex Burgos to third
Lorenzo Ramírez to second
Runner from 3rd tries for Home, SAFE, throw made home
Lorenzo Ramírez to third
Álex Escobar to second
Batting: RHB Carl Carlson 0-0: Ball
1-0: Called Strike
1-1: Ball
2-1: Called Strike
2-2: Strikes out looking
Batting: RHB Marcox Fiadeiro 0-0: SINGLE (Groundball, 34S)
Lorenzo Ramírez scores
Álex Escobar to third
Runner from 3rd tries for Home, SAFE, throw made home
Marcox Fiadeiro to second
Pitching: RHP Dave Beardsley
Batting: RHB Derrek Church 0-0: Ball
1-0: Foul Ball, location: 2F
1-1: Foul Ball, location: 2F
1-2: Strikes out looking
Batting: RHB Joel Frazier 0-0: Foul Ball, location: 2F
0-1: Fly out, F8 (Flyball, 78S)
Bottom of the 7th over - 4 run(s), 4 hit(s), 0 error(s), 1 left on base; Yakima 2 - Virginia Beach 9
TOP OF THE 8TH
Yakima Hops batting - Pitching for Virginia Beach Deuces : RHP Carlos Ortíz
Batting: SHB Craig Barnes 0-0: Ball
1-0: Ball
2-0: Ball
3-0: Base on Balls
Batting: LHB Jesús Quintanilla 0-0: Fly out, F8 (Flyball, 8LM)
Batting: RHB Rafael Najcrea 0-0: Called Strike
0-1: Fielders Choice at 2nd, 6-4 (Groundball, 6M)
Batting: RHB Michael Martin 0-0: Ball
1-0: Ball
2-0: Called Strike
2-1: Ball
3-1: Base on Balls
Rafael Najcrea to second
Batting: RHB Sergio García 0-0: Ball
1-0: Ball
2-0: Ball
3-0: Called Strike
3-1: Base on Balls
Rafael Najcrea to third
Michael Martin to second
Pinch Hitting: RHB Jim Unknown 0-0: Ball
1-0: Called Strike
1-1: Ball
2-1: Ball
3-1: Fielders Choice at 2nd, 6-4 (Groundball, 6)
Top of the 8th over - 0 run(s), 0 hit(s), 0 error(s), 2 left on base; Yakima 2 - Virginia Beach 9
BOTTOM OF THE 8TH
Virginia Beach Deuces batting - Pitching for Yakima Hops : RHP Dave Beardsley
Now in CF: Carlos Sánchez
Batting: RHB Scott Miller 0-0: Ball
1-0: Ball
2-0: Ball
3-0: Base on Balls
Batting: RHB Javier Santos 0-0: DOUBLE (Line Drive, 3L)
Scott Miller to third
Batting: LHB Álex Burgos 0-0: Called Strike
0-1: Ball
1-1: Called Strike
1-2: Ball
2-2: Foul Ball, location: 2F
2-2: Fly out, F6 (Popup, 56)
Batting: RHB Lorenzo Ramírez 0-0: Called Strike
0-1: Ball
1-1: Ball
2-1: Swinging Strike
2-2: SINGLE (Groundball, 56D)
Scott Miller scores
Javier Santos to third
Runner from 3rd tries for Home, SAFE, no throw or cutoff
Batting: RHB Álex Escobar 0-0: Foul Ball, location: 2F
0-1: Ball
1-1: Foul Ball, location: 2F
1-2: Foul Ball, location: 2F
1-2: Ball
2-2: Ball
3-2: Strikes out swinging
Batting: RHB Carl Carlson 0-0: Ball
1-0: Called Strike
1-1: Ball
2-1: SINGLE (Groundball, 34D)
Lorenzo Ramírez to second
Runner from 2nd tries for 3rd, SAFE, throw made to third
Batting: RHB Marcox Fiadeiro 0-0: Ball
1-0: Swinging Strike
1-1: Ball
2-1: Foul Ball, location: 2F
2-2: Foul Ball, location: 2F
2-2: Hit by Pitch
Carl Carlson to second
Batting: RHB Derrek Church 0-0: Fly out, F6 (Line Drive, 6M)
Bottom of the 8th over - 2 run(s), 3 hit(s), 0 error(s), 3 left on base; Yakima 2 - Virginia Beach 11
TOP OF THE 9TH
Yakima Hops batting - Pitching for Virginia Beach Deuces : RHP Carlos Ortíz
Batting: RHB Jim Allen 0-0: Foul Ball, location: 2F
0-1: Ball
1-1: Called Strike
1-2: Ball
2-2: Fly out, F4 (Popup, 3)
Pinch Hitting: RHB Chris Robinson 0-0: Ball
1-0: SINGLE (Flyball, 8LS)
Batting: RHB Marshall Attwood 0-0: Swinging Strike
0-1: Swinging Strike
0-2: Foul Ball, location: 2F
0-2: Strikes out swinging
Batting: SHB Craig Barnes 0-0: Called Strike
0-1: Swinging Strike
0-2: Foul Ball, location: 2F
0-2: Strikes out swinging
Top of the 9th over - 0 run(s), 1 hit(s), 0 error(s), 1 left on base; Yakima 2 - Virginia Beach 11
This league is powered by Out of the Park Baseball, the baseball management simulation game for PC, Mac and Linux
Saturday, July 25th, 2015 - OOTP Baseball 15.6 Build 34